 Dungeon Crawl Stone Soup version 0.21.0-25-ge575cb9 (webtiles) character file.

611 tidbits the Firebug (level 7, -3/45 HPs)
             Began as a Gnoll Fire Elementalist on Jan 25, 2018.
             Slain by an orc
             ... wielding a +0 short sword
              (6 damage)
             ... on level 7 of the Dungeon.
             The game lasted 00:17:11 (1894 turns).

tidbits the Firebug (Gnoll Fire Elementalist)       Turns: 1894, Time: 00:17:12

Health: -3/45      AC:  2    Str: 10    XL:     7   Next: 43%
Magic:  15/15      EV: 15    Int: 20    God:
Gold:   136        SH:  0    Dex: 15    Spells: 7/17 levels left

rFire    . . .     SeeInvis .   d - +0 dagger
rCold    . . .     Gourm    .   (no shield)
rNeg     . . .     Faith    .   a - +0 robe
rPois    .         Spirit   .   (helmet restricted)
rElec    .         Reflect  .   (no cloak)
rCorr    .         Harm     .   (no gloves)
MR       .....     Rnd*Rage +   (no boots)
Stlth    ++++......             k - amulet of magic regeneration
HPRegen  0.15/turn              h - ring of flight
MPRegen  0.39/turn              s - ring of stealth

@: no status effects
A: distributed training, antennae 1, fangs 1, berserk 1, frail 1, mutation
resistance 1, strong nose
a: Evoke Flight


You were on level 7 of the Dungeon.
You were full.

You visited 2 branches of the dungeon, and saw 8 of its levels.

You collected 266 gold pieces.
You spent 130 gold pieces at shops.

Inventory:

Hand Weapons
 d - a +0 dagger (weapon)
 e - a +1 hand axe of chopping
   (You took it off an orc on level 3 of the Dungeon)
 g - a +0 shortbow
 n - a +0 hand axe
 o - a +0 hand crossbow
 x - a +0 scythe
Missiles
 l - 2 javelins
 m - 10 tomahawks (quivered)
 u - 28 arrows
 w - 24 bolts
 y - 60 sling bullets
Armour
 a - a +0 robe (worn)
 v - a cursed +0 ring mail
Jewellery
 h - a ring of flight (left hand)
   (You found it on level 1 of the Dungeon)
 i - an uncursed amulet of rage {unknown}
   (You found it on level 4 of the Dungeon)
 k - an amulet of magic regeneration (around neck)
   (You found it on level 1 of the Dungeon)
 s - a ring of stealth (right hand)
   (You found it on level 6 of the Dungeon)
Scrolls
 f - 2 scrolls of enchant weapon
 j - 3 scrolls of fog
 q - a scroll of noise
 r - a scroll of remove curse
 t - 3 scrolls of teleportation
 A - 2 scrolls of blinking
Potions
 B - a potion of degeneration
Books
 b - a book of Flames

   Spells                             Type                      Level
   a - Flame Tongue                   Conjuration/Fire             1
   b - Throw Flame                    Conjuration/Fire             2
   c - Conjure Flame                  Conjuration/Fire             3
   d - Inner Flame                    Hexes/Fire                   3
   e - Sticky Flame                   Conjuration/Fire             4
   f - Fireball                       Conjuration/Fire             5
Comestibles
 c - 7 rations


   Skills:
 + Level 2.4 Fighting
 + Level 2.4 Short Blades
 + Level 2.4 Long Blades
 + Level 2.4 Axes
 + Level 2.4 Maces & Flails
 + Level 2.4 Polearms
 + Level 2.4 Staves
 + Level 2.4 Slings
 + Level 2.4 Bows
 + Level 2.4 Crossbows
 + Level 2.4 Throwing
 + Level 2.4 Armour
 + Level 5.2 Dodging
 + Level 4.9 Stealth
 + Level 2.4 Shields
 + Level 2.4 Unarmed Combat
 + Level 5.6 Spellcasting
 + Level 2.9 Conjurations
 + Level 2.0 Hexes
 + Level 2.0 Charms
 + Level 2.0 Summonings
 + Level 2.0 Necromancy
 + Level 2.0 Translocations
 + Level 2.0 Transmutations
 + Level 5.8 Fire Magic
 + Level 2.0 Ice Magic
 + Level 2.0 Air Magic
 + Level 2.0 Earth Magic
 + Level 2.0 Poison Magic
 + Level 2.7 Invocations
 + Level 2.4 Evocations


You had 7 spell levels left.
You knew the following spells:

 Your Spells              Type           Power        Failure   Level  Hunger
a - Flame Tongue          Conj/Fire      ###..        1%          1    None
c - Conjure Flame         Conj/Fire      ###.....     5%          3    ##.....
f - Throw Flame           Conj/Fire      ###...       2%          2    None
t - Sticky Flame          Conj/Fire      ###.....     17%         4    ####...


Dungeon Overview and Level Annotations

Branches:
Dungeon (7/15)             Temple (1/1) D:7

Altars:
Dithmenos
Elyvilon
Fedhas
Gozag
Hepliaklqana
Kikubaaqudgha
Makhleb
Nemelex Xobeh
Qazlal
Ru
Sif Muna
Trog
Uskayaw
Vehumet
Wu Jian
Zin

Shops:
D:5 *

Annotations:
D:4 exclusion: 2 orcs
D:7 Menkaure


Innate Abilities, Weirdness & Mutations

Your experience applies equally to all skills.
You have very sharp teeth.
Your uncanny sense of smell can sniff out nearby items.
You have a pair of small antennae on your head.
You tend to lose your temper in combat.
You are frail. (-10% HP)
You are somewhat resistant to further mutation.


Message History

Casting: Conjure Flame
Confirm with . or Enter, or press ? or * to list all spells.
Aiming: Flame Tongue
Press: ? - help, Shift-Dir - straight line, f - orc
Aim: an orc, wielding a short sword The flame tongue hits the orc.
You kill the orc!
Casting: Flame Tongue
Confirm with . or Enter, or press ? or * to list all spells.
Aiming: Flame Tongue
Press: ? - help, Shift-Dir - straight line, f - orc
Aim: an orc, wielding a short sword The flame tongue hits the orc.
The orc is lightly wounded.
You feel sick.
Casting: Flame Tongue
Confirm with . or Enter, or press ? or * to list all spells.
Aiming: Flame Tongue
Press: ? - help, Shift-Dir - straight line, f/p - orc
Aim: an orc, wielding a short sword (lightly wounded)
The flame tongue hits the orc.
The orc is heavily wounded.
Casting: Flame Tongue
Confirm with . or Enter, or press ? or * to list all spells.
Aiming: Flame Tongue
Press: ? - help, Shift-Dir - straight line, f/p - orc
Aim: an orc, wielding a short sword (heavily wounded)
The flame tongue misses the orc.
You feel sick.
You feel sick.
An orc comes into view. It is wielding a flail.
Something completely misses the plant.
The orc moves out of view.
An orc priest comes into view.
The orc hits the bush but does no damage.
An orc comes into view.
You feel sick.
You are no longer poisoned.
Unknown command.
The orc shouts! x2; You hear a shout!
The orc priest shouts!
Unknown command.
You hear a loud, deep croak! x2
The orc hits the plant but does no damage.
The orc throws a tomahawk.
The tomahawk barely misses you.
There is a staircase to the Ecumenical Temple here.
The orc priest invokes the aid of Beogh against you.
Beogh smites you!
* * * LOW HITPOINT WARNING * * *
The orc throws a tomahawk.
The tomahawk hits you but does no damage.
You climb downwards.
Welcome to the Ecumenical Temple!
Found three altars.
There is a staircase back to the Dungeon here.
Unknown command.
Found three altars.
Found three altars.
There is a hide-covered altar of Uskayaw here.
Found three altars.
There is a radiant altar of Vehumet here.
Found three altars.
There is a bloodstained altar of Trog here.
Found a blossoming altar of Fedhas.
There is a white marble altar of Elyvilon here.
There is a white marble altar of Elyvilon here.
There is a bloodstained altar of Trog here.
There is a radiant altar of Vehumet here.
There is a hide-covered altar of Uskayaw here.
There is a staircase back to the Dungeon here.
You climb upwards.
Welcome back to the Dungeon!
Level annotation: Menkaure The orc barely misses you.
The orc priest hits the plant.
There is a staircase to the Ecumenical Temple here.
You see here a tomahawk.
Unknown command.
The orc hits the plant but does no damage.
The orc hits the plant but does no damage.
The orc throws a tomahawk.
The tomahawk barely misses you.
The orc hits the plant but does no damage.
The phantom blinks!
Items here: ( ) †† a tomahawk; a short sword; an orc corpse; a worker ant corpse The orc priest looks encouraged for a moment.
The orc throws a tomahawk.
The tomahawk misses you.
Items here: (( ) [ † a tomahawk; 10 stones; a leather armour; a falchion of protection an orc corpse You barely miss the orc.
The orc hits you with a short sword!
* * * LOW HITPOINT WARNING * * *
Okay, then.
Okay, then.
You hit the orc. Your bite misses the orc.
The orc is lightly wounded.
The orc hits you with a short sword.
* * * LOW HITPOINT WARNING * * *
You hit the orc but do no damage.
The orc is lightly wounded.
The orc priest mumbles some strange prayers to Beogh against you.
Beogh smites you!
* * * LOW HITPOINT WARNING * * *
The orc hits you with a short sword.
You die...

....########## .............#
...............# ######
...............# ###.....
...............#########.....#
..............##...(oo(.P..#
..............#.o####......#
............>oo## ##§.>.P.#
###...........@# #.P.P.P.# #
##.........#.####.Wo..P.# ####
###.###.#.#............# .a.#
#.# #.#.############...# ##h#
#.# #.#.# .#$. #.# #.# #...#
#### #.#####.####..#
#...†<.....#.. ########.......


You could see an orc priest and 2 orcs.

Vanquished Creatures
  Sigmund (D:2)
  A centaur (D:5)
  2 scorpions
  2 hounds
  An iguana (D:6)
  An orc wizard (D:2)
  4 worker ants
  An adder (D:4)
  An adder zombie (D:7)
  A worm (D:2)
  10 orcs
  5 bats
  6 giant cockroaches
  2 goblins
  11 jackals
  A quokka (D:3)
  A ball python (D:5)
  4 frilled lizards
  6 kobolds
  A leopard gecko skeleton (D:2)
  7 rats (D:1)
69 creatures vanquished.

Notes
Turn   | Place    | Note
-------+----------+-------------------------------------------
     0 | D:1      | tidbits the Gnoll Fire Elementalist began the quest for the Orb.
     0 | D:1      | Reached XP level 1. HP: 13/13 MP: 6/6
    67 | D:1      | Reached skill level 2 in Conjurations
   108 | D:1      | Reached XP level 2. HP: 19/19 MP: 3/7
   201 | D:1      | Learned a level 2 spell: Throw Flame
   273 | D:1      | Reached XP level 3. HP: 22/25 MP: 5/9
   437 | D:2      | Reached skill level 5 in Spellcasting
   480 | D:3      | Reached skill level 1 in Invocations
   521 | D:4      | Learned a level 3 spell: Conjure Flame
   539 | D:5      | Entered Level 5 of the Dungeon
   546 | D:6      | Noticed a scorpion
   563 | D:6      | Killed a scorpion
   563 | D:6      | Reached skill level 1 in Fighting
   563 | D:6      | Reached skill level 1 in Short Blades
   563 | D:6      | Reached skill level 1 in Long Blades
   563 | D:6      | Reached skill level 1 in Axes
   563 | D:6      | Reached skill level 1 in Maces & Flails
   563 | D:6      | Reached skill level 1 in Polearms
   563 | D:6      | Reached skill level 1 in Staves
   563 | D:6      | Reached skill level 1 in Slings
   563 | D:6      | Reached skill level 1 in Bows
   563 | D:6      | Reached skill level 1 in Crossbows
   563 | D:6      | Reached skill level 1 in Throwing
   563 | D:6      | Reached skill level 1 in Armour
   563 | D:6      | Reached skill level 1 in Shields
   563 | D:6      | Reached skill level 1 in Unarmed Combat
   563 | D:6      | Reached skill level 1 in Hexes
   563 | D:6      | Reached skill level 1 in Charms
   563 | D:6      | Reached skill level 1 in Summonings
   563 | D:6      | Reached skill level 1 in Necromancy
   563 | D:6      | Reached skill level 1 in Translocations
   563 | D:6      | Reached skill level 1 in Transmutations
   563 | D:6      | Reached skill level 1 in Ice Magic
   563 | D:6      | Reached skill level 1 in Air Magic
   563 | D:6      | Reached skill level 1 in Earth Magic
   563 | D:6      | Reached skill level 1 in Poison Magic
   563 | D:6      | Reached skill level 1 in Evocations
   563 | D:6      | Reached XP level 4. HP: 30/32 MP: 0/11
   584 | D:6      | Reached XP level 5. HP: 23/37 MP: 7/12
   660 | D:5      | Noticed a centaur
   672 | D:5      | Killed a centaur
   672 | D:5      | Reached skill level 2 in Invocations
   672 | D:5      | Reached XP level 6. HP: 6/44 MP: 9/13
   959 | D:7      | Noticed Menkaure
  1105 | D:5      | Found Lupihage's General Store.
  1108 | D:5      | Bought a potion of curing for 39 gold pieces
  1108 | D:5      | Bought a potion of lignification for 39 gold pieces
  1108 | D:5      | Bought a scroll of identify for 26 gold pieces
  1108 | D:5      | Bought a scroll of identify for 26 gold pieces
  1122 | D:5      | Reached skill level 5 in Dodging
  1217 | D:2      | Learned a level 4 spell: Sticky Flame
  1292 | D:2      | Noticed Sigmund
  1300 | D:2      | Killed Sigmund
  1300 | D:2      | Reached skill level 2 in Fighting
  1300 | D:2      | Reached skill level 2 in Short Blades
  1300 | D:2      | Reached skill level 2 in Long Blades
  1300 | D:2      | Reached skill level 2 in Axes
  1300 | D:2      | Reached skill level 2 in Maces & Flails
  1300 | D:2      | Reached skill level 2 in Polearms
  1300 | D:2      | Reached skill level 2 in Staves
  1300 | D:2      | Reached skill level 2 in Slings
  1300 | D:2      | Reached skill level 2 in Bows
  1300 | D:2      | Reached skill level 2 in Crossbows
  1300 | D:2      | Reached skill level 2 in Throwing
  1300 | D:2      | Reached skill level 2 in Armour
  1300 | D:2      | Reached skill level 2 in Shields
  1300 | D:2      | Reached skill level 2 in Unarmed Combat
  1300 | D:2      | Reached skill level 2 in Evocations
  1300 | D:2      | Reached XP level 7. HP: 50/50 MP: 15/15
  1402 | D:2      | HP: 5/50 [orc wizard/dagger (2)]
  1718 | D:4      | Gained mutation: You tend to lose your temper in combat. [potion of mutation]
  1718 | D:4      | Gained mutation: You have a pair of small antennae on your head. [potion of mutation]
  1718 | D:4      | Gained mutation: You are frail. (-10% HP) [potion of mutation]
  1718 | D:4      | Gained mutation: You are somewhat resistant to further mutation. [potion of mutation]
  1810 | D:7      | Found a staircase to the Ecumenical Temple.
  1822 | D:7      | Reached skill level 2 in Hexes
  1822 | D:7      | Reached skill level 2 in Charms
  1822 | D:7      | Reached skill level 2 in Summonings
  1822 | D:7      | Reached skill level 2 in Necromancy
  1822 | D:7      | Reached skill level 2 in Translocations
  1822 | D:7      | Reached skill level 2 in Transmutations
  1822 | D:7      | Reached skill level 2 in Ice Magic
  1822 | D:7      | Reached skill level 2 in Air Magic
  1822 | D:7      | Reached skill level 2 in Earth Magic
  1822 | D:7      | Reached skill level 2 in Poison Magic
  1845 | Temple   | Entered the Ecumenical Temple
  1894 | D:7      | HP: 3/45 [orc priest/divine providence (14)]
  1894 | D:7      | Slain by an orc

Skill      XL: |  1  2  3  4  5  6  7 |
---------------+----------------------+-----
Conjurations   | 2 |  2.9
Spellcasting   | 5 |  5.6
Invocations    | 1 2 |  2.7
Fighting       | 1 2 |  2.4
Short Blades   | 1 2 |  2.4
Long Blades    | 1 2 |  2.4
Axes           | 1 2 |  2.4
Maces & Flails | 1 2 |  2.4
Polearms       | 1 2 |  2.4
Staves         | 1 2 |  2.4
Slings         | 1 2 |  2.4
Bows           | 1 2 |  2.4
Crossbows      | 1 2 |  2.4
Throwing       | 1 2 |  2.4
Armour         | 1 2 |  2.4
Shields        | 1 2 |  2.4
Unarmed Combat | 1 2 |  2.4
Hexes          | 1 2 |  2.0
Charms         | 1 2 |  2.0
Summonings     | 1 2 |  2.0
Necromancy     | 1 2 |  2.0
Translocations | 1 2 |  2.0
Transmutations | 1 2 |  2.0
Ice Magic      | 1 2 |  2.0
Air Magic      | 1 2 |  2.0
Earth Magic    | 1 2 |  2.0
Poison Magic   | 1 2 |  2.0
Evocations     | 1 2 |  2.4
Dodging        | 5 |  5.2
Stealth        | |  4.9
Fire Magic     | |  5.8

Action                   |  1- 3 |  4- 6 |  7- 9 || total
-------------------------+-------+-------+-------++-------
Melee: Dagger            |    23 |    50 |    13 ||    86
       Bite              |     1 |     7 |     4 ||    12
       Unarmed           |       |     7 |       ||     7
       Hand axe          |       |       |    28 ||    28
Throw: Javelin           |       |     2 |       ||     2
 Cast: Flame Tongue      |    63 |    27 |     8 ||    98
       Sticky Flame      |       |       |     5 ||     5
       Conjure Flame     |       |       |     1 ||     1
  Use: Potion            |       |     5 |     3 ||     8
       Scroll            |       |     7 |     2 ||     9
 Stab: Sleeping          |     2 |     4 |     1 ||     7
  Eat: Chunk             |       |     1 |     1 ||     2
       Ration            |       |       |     2 ||     2
Armor: Robe              |     9 |     5 |     4 ||    18
       Skin              |       |     5 |       ||     5
Dodge: Dodged            |    36 |    54 |    39 ||   129

Table legend:
 A = Turns spent in this place as a percentage of turns spent in the entire game.
 B = Non-inter-level travel turns spent in this place as a percentage of non-inter-level travel turns spent in the entire game.
 C = Inter-level travel turns spent in this place as a percentage of turns spent in this place.
 D = Turns resting spent in this place as a percentage of non-inter-level travel turns spent in this place.
 E = Turns spent auto-exploring this place as a percentage of non-inter-level travel turns spent in this place.
 F = Non-inter-level travel turns spent in this place divided by the number of levels of this place that you've seen.
                   A       B       C       D       E      F
               +-------+-------+-------+-------+-------+----------------------
         Total | 100.0 | 100.0 |   2.2 |   0.0 |   0.0 | 231.5
       Dungeon |  98.1 |  99.0 |   1.3 |   0.0 |   0.0 | 261.9
        Temple |   1.9 |   1.0 |  47.2 |   0.0 |   0.0 |  19.0
               +-------+-------+-------+-------+-------+----------------------

Table legend:
 A = Kills in this place as a percentage of kills in entire the game.
 B = Kills by you in this place as a percentage of kills by you in the entire game.
 C = Kills by friends in this place as a percentage of kills by friends in the entire game.
 D = Other kills in this place as a percentage of other kills in the entire game.
 E = Experience gained in this place as a percentage of experience gained in the entire game.
 F = Experience gained in this place divided by the number of levels of this place that you have seen.
                   A       B       C       D       E      F
               +-------+-------+-------+-------+-------+----------------------
         Total | 100.0 | 100.0 |   N/A |   N/A | 100.0 | 109.1
       Dungeon | 100.0 | 100.0 |   N/A |   N/A | 100.0 | 124.7
               +-------+-------+-------+-------+-------+----------------------

Vault maps used:
D:1:      dpeg_arrival_round_c
D:2:      uniq_sigmund
D:4:      first_ration
D:5:      serial_shops, kennysheep_mini
D:6:      serial_shops, shop, nicolae_dithmenos_shadow_blocks, uniq_edmund,
          uniq_prince_ribbit1, uniq_duvessa
D:7:      minmay_temple_entry_overgrown, uniq_joseph, uniq_menkaure,
          uniq_crazy_yiuf_cottage
Temple:   lightli_temple_of_artemis
